 Dungeon Crawl Stone Soup version 0.30-a0-989-g0d87f670db (webtiles) character file.

Game seed: 8588304198954588251

76580 Anon1729 the Spry (level 15, -3/141 HPs)
             Began as a Minotaur Monk on Apr 2, 2023.
             Was the Champion of Trog.
             Succumbed to an orange demon's poison
             ... on level 13 of the Dungeon.
             The game lasted 00:24:18 (24037 turns).

Anon1729 the Spry (Minotaur Monk)                  Turns: 24037, Time: 00:24:18

Health: -3/141     AC: 13    Str: 18    XL:     15   Next: 12%
Magic:  14/14      EV: 22    Int: 13    God:    Trog [******]
Gold:   1481       SH:  0    Dex: 18    Spells: 14/14 levels left

rFire   . . .      SeeInvis +    R - +7 scimitar (flame)
rCold   . . .      Faith    +    h - orb {light}
rNeg    . . .      Spirit   .    O - +2 ring mail of Leocic {Rampage rElec Will+ rCorr Int-2}
rPois   .          Reflect  .    (helmet restricted)
rElec   +          Rampage  +    x - +0 cloak
rCorr   +                        y - +0 pair of gloves
Will    ++++.                    (no boots)
Stlth   +                        V - amulet of Dose {Faith Fly Slay+2}
HPRegen 1.43/turn                N - ring "Wel Koitz" {Int+8 SInv}
MPRegen 0.14/turn                (no ring)

@: lethally poisoned (-3 -> -11), strong-willed, on berserk cooldown, flying,
regenerating, slowed, glowing, very slow
A: horns 2, retaliatory headbutt
a: Renounce Religion, Berserk, Trog's Hand, Brothers in Arms


You were on level 13 of the Dungeon.
You worshipped Trog.
Trog was exalted by your worship.
You visited 3 branches of the dungeon, and saw 21 of its levels.
You also visited: Sewer.

You collected 2214 gold pieces.
You spent 733 gold pieces at shops.

Inventory:

Hand Weapons
 K - a +2 antimagic great sword
 R - a +7 scimitar of flaming (weapon)
Missiles
 B - 3 throwing nets (quivered)
Armour
 h - an orb of light (worn)
 t - a +1 scale mail of poison resistance
 x - a +0 cloak (worn)
 y - a +0 pair of gloves (worn)
 z - a +4 scale mail
 O - the +2 ring mail of Leocic (worn) {Rampage rElec Will+ rCorr Int-2}
   (You bought it in a shop on level 9 of the Dungeon)

   Int:       It affects your intelligence (-2).
   rElec:     It insulates you from electricity.
   rCorr:     It protects you from acid and corrosion.
   Rampage:   It bestows one free step when moving towards enemies.
   Will:      It increases your willpower.
Jewellery
 N - the ring "Wel Koitz" (left hand) {Int+8 SInv}
   (You found it on level 14 of the Dungeon)

   [ring of see invisible]

   Int:       It affects your intelligence (+8).
   SInv:      It lets you see invisible.
 V - the amulet of Dose (around neck) {Faith Fly Slay+2}
   (You found it on level 5 of the Lair of Beasts)

   [amulet of faith]

   It allows you to gain divine favour quickly.
   Slay:      It affects your accuracy & damage with ranged weapons and melee
   (+2).
   Fly:       It grants you flight.
Wands
 d - a wand of flame (13)
 r - a wand of light (21)
 v - a wand of digging (3)
 J - a wand of mindburst (17)
 L - a wand of paralysis (37)
 P - a wand of polymorph (2)
Scrolls
 a - 2 scrolls of torment
 b - 3 scrolls of enchant armour
 g - 2 scrolls of poison
 j - 3 scrolls of brand weapon
 k - 4 scrolls of vulnerability
 l - 3 scrolls of fog
 p - a scroll of identify
 q - 2 scrolls of teleportation
 A - 2 scrolls of blinking
 C - 5 scrolls of noise
 E - 2 scrolls of fear
 H - 4 scrolls of immolation
 Q - a scroll of silence
 U - 3 scrolls of magic mapping
Potions
 c - 4 potions of ambrosia
 e - 6 potions of flight
 f - 3 potions of mutation
 i - 2 potions of haste
 m - 6 potions of curing
 n - 2 potions of brilliance {unknown}
 o - 5 potions of berserk rage
 u - 8 potions of heal wounds
 w - a potion of cancellation {unknown}
 D - 3 potions of invisibility {unknown}
 F - 10 potions of might
 G - a potion of magic {unknown}
 I - 2 potions of lignification {unknown}
 M - 2 potions of attraction {unknown}
Miscellaneous
 s - a lightning rod (4/4)


   Skills:
 + Level 15.2 Fighting
 + Level 15.2 Long Blades
 + Level 14.5 Armour
 * Level 18.9 Dodging
 - Level 2.6 Stealth
 + Level 7.3 Evocations


You had 14 spell levels left.
You didn't know any spells.
Your spell library contained the following spells:

 Spells                   Type           Power      Damage    Failure   Level
 Freezing Cloud           Conj/Ice/Air   0%         6-21      100%        5
 Simulacrum               Ice/Necr       0%         N/A       100%        6
 Polar Vortex             Ice            0%         N/A       100%        9


Dungeon Overview and Level Annotations

Branches:
Dungeon (14/15)            Temple (0/1) D:5            Lair (5/5) D:10
 Shoals (0/4) Lair:2        Snake (0/4) Lair:2        Slime (0/5) Lair:5
    Orc (2/2) D:9             Elf (0/3) Orc:2         Sewer (visited)
 Vaults: D:13-14

Altars:
Gozag
Makhleb
Nemelex Xobeh
Qazlal
Ru
Sif Muna
Trog
Uskayaw
Xom
Yredelemnul
Zin
Lugonu

Shops:
D:5 ?   D:9 [   Orc:2 [[((

Portals:
Abyss: Lair:5

Annotations:
D:10 2 transporters, stickyfingers's ghost, journeyman MeMo
D:14 Frances


Innate Abilities, Weirdness & Mutations

You have a pair of horns on your head.
You reflexively headbutt those who attack you in melee.


Message History

The vault guard shouts!
Okay, then.
As you read the scroll of fear, it crumbles to dust.
You assume a fearsome visage.
The ice devil easily resists.
The vault guard looks frightened!
Frances resists with almost no effort.
The cyclops looks frightened!
Frances chants phrases taken from a devil's mouth.
Frances chants phrases taken from a devil's mouth.
Frances seems to speed up.
The vault guard mutters, "Damn and blast!"
Frances howls an indescribable curse.
Frances chants phrases taken from a devil's mouth.
The shard of ice misses you.
Frances chants phrases taken from a devil's mouth.
The shard of ice misses you.
Frances mutters in a terrible tongue.
The shard of ice misses you. The ice devil attacks as you move away!
The ice devil hits you! The ice devil freezes you!!
Frances screams a word of power!
The shard of ice hits you!!!
* * * LOW HITPOINT WARNING * * *
The ice devil barely misses you. You furiously retaliate!
You headbutt the ice devil!
There is a stone staircase leading up here.
The cyclops seems to regain its courage.
The ice devil hits you!
* * * LOW HITPOINT WARNING * * *
The ice devil freezes you!
* * * LOW HITPOINT WARNING * * *
The hellwing swoops through the air toward you!
The hellwing barely misses you. You furiously retaliate!
You headbutt the hellwing!
The hellwing hits you but does no damage.
The orange demon stings you from afar.
* * * LOW HITPOINT WARNING * * *
You are lethally poisoned!
The orange demon poisons you!
You fly upwards.
You die...

>[..###......#.#.# ###...####
.[..# ##.###.#.#.# #..## ....#
#.# #.#.#.#### #..# ....# ##.#
#.#.#....###.## ..### #..#
#)#.###...#..# ..#####.##
#.#.##.......####### ..#.....#
#.#.#.........##...## #.#.#####
#.#.#...............## ..<.###
#.#.#@...............# ......###
#.#.#................#
........####....................#
...............................##
......###.##.............##...##
......##..####.........########
##........# #.#.<.....##
##........# #)#........#
..........# ##.#..#.#.#.#


There were no monsters in sight!

Vanquished Creatures
  Jorgrun (D:12)
  A tengu reaver (D:14)
  A fire giant (D:14)
  Louise (D:14)
  An orc warlord (Orc:2)
  Azrael (D:14)
  An ettin (Orc:1)
  Josephine (Orc:2)
  Erolcha (D:12)
  A hydra (D:13)
  6 vault guards
  Erica (D:10)
  2 centaur warriors
  3 two-headed ogres
  5 death yaks (Lair:4)
  An orc high priest (Orc:2)
  2 thrashing horrors (Lair:5)
  3 skysharks
  Lodul (D:12)
  An orb spider (shapeshifter) (D:13)
  A deep troll (D:14)
  3 deep elf pyromancers
  A wolf spider (D:14)
  2 orc knights (Orc:2)
  4 cyclopes
  A manticore (D:13)
  4 orc sorcerers
  An ugly thing (Lair:5)
  8 elephants
  13 black mambas
  2 smoke demons (Lair:5)
  7 cane toads
  A rime drake (shapeshifter) (Lair:5)
  An unseen horror (D:10)
  2 rime drakes
  9 komodo dragons
  2 kobold demonologists
  An ancient zyme (Lair:5)
  7 trolls
  4 merfolk (Lair:2)
  Grinder (D:4)
  2 polar bears (Lair:3)
  16 blink frogs
  12 dream sheep
  2 large abominations (Lair:5)
  3 slime creatures (D:13)
  2 shadows (D:10)
  8 wyverns
  4 fire elementals (D:14)
  5 wraiths
  2 ynoxinuls (Lair:5)
  33 yaks
  4 vampire mosquitoes (D:13)
  12 basilisks
  A steam dragon (D:7)
  4 chaos spawn (Lair:5)
  2 wargs
  Edmund (D:4)
  2 acid dragons
  22 water moccasins
  A hell hound (D:14)
  2 ice beasts
  A black bear (D:5)
  34 orc warriors
  2 sky beasts (D:7)
  16 ogres
  10 wolves
  4 centaurs
  2 kobold brigands
  2 gnoll sergeants (D:5)
  19 bullfrogs
  3 scorpions
  7 wights
  10 small abominations (Lair:5)
  5 electric eels
  4 howler monkeys
  24 orc priests
  Crazy Yiuf (D:2)
  A gnoll bouda (D:8)
  5 hounds
  3 jellies
  8 iguanas
  A sleepcap (D:7)
  18 orc wizards
  2 human simulacra (D:11)
  22 gnolls
  11 adders
  6 river rats (Sewer)
  2 white imps
  An ufetubus (D:6)
  4 worms
  3 dart slugs (D:4)
  107 orcs
  3 endoplasms (D:3)
  5 giant cockroaches
  3 goblins
  4 hobgoblins
  17 kobolds
  A quokka (D:4)
  21 ball pythons
  A bat (D:3)
  5 frilled lizards
  20 rats
668 creatures vanquished.

Vanquished Creatures (others)
  An orc wizard (Orc:2)
  18 fungi
  22 plants
  4 toadstools (D:5)
45 creatures vanquished.

Grand Total: 713 creatures vanquished

Notes
Turn   | Place    | Note
-------+----------+-------------------------------------------
     0 | D:1      | Anon1729 the Minotaur Monk began the quest for the Orb.
     0 | D:1      | Reached XP level 1. HP: 19/19 MP: 0/0
   450 | D:1      | Found a faded altar of an unknown god.
   503 | D:1      | Prayed at the altar of an unknown god.
   503 | D:1      | Became a worshipper of Trog the Wrathful
   503 | D:1      | Reached * piety under Trog
   503 | D:1      | Reached ** piety under Trog
   568 | D:2      | Reached XP level 2. HP: 27/27 MP: 1/1
   851 | D:2      | Found a runed translucent door.
   852 | D:2      | Noticed Crazy Yiuf
   859 | D:2      | Killed Crazy Yiuf
   860 | D:2      | Reached XP level 3. HP: 11/33 MP: 0/2
  1261 | D:3      | Reached *** piety under Trog
  1269 | D:3      | Found a basalt altar of Yredelemnul.
  1348 | D:3      | Found a bloodstained altar of Trog.
  1620 | D:3      | Found a glowing drain.
  1622 | D:3      | Reached XP level 4. HP: 40/40 MP: 3/3
  1636 | Sewer    | Entered a sewer
  1719 | Sewer    | Reached skill level 4 in Dodging
  1889 | Sewer    | Reached XP level 5. HP: 28/47 MP: 4/4
  1891 | Sewer    | Reached **** piety under Trog
  2018 | Sewer    | Reached skill level 5 in Fighting
  2018 | Sewer    | Reached skill level 5 in Long Blades
  2018 | Sewer    | Reached skill level 1 in Armour
  2020 | Sewer    | Reached XP level 6. HP: 14/56 MP: 5/5
  2584 | D:4      | Reached skill level 5 in Dodging
  2932 | D:4      | Reached XP level 7. HP: 61/62 MP: 6/6
  2947 | D:4      | Found a stormy altar of Qazlal.
  3025 | D:4      | Noticed Grinder
  3032 | D:4      | Noticed Edmund
  3038 | D:4      | Paralysed by Grinder for 3 turns
  3045 | D:4      | Killed Grinder
  3049 | D:4      | Killed Edmund
  3550 | D:5      | Entered Level 5 of the Dungeon
  3566 | D:5      | Found a staircase to the Ecumenical Temple.
  3634 | D:5      | Reached skill level 6 in Dodging
  3634 | D:5      | Reached XP level 8. HP: 60/71 MP: 7/7
  3845 | D:5      | Reached skill level 5 in Armour
  4121 | D:5      | Found a sparkling altar of Nemelex Xobeh.
  4721 | D:5      | Found The Oracle's Delphic Readings.
  4725 | D:5      | Bought a scroll of identify for 30 gold pieces
  4725 | D:5      | Bought a scroll of identify for 30 gold pieces
  4834 | D:6      | Found a hide-covered altar of Uskayaw.
  4857 | D:6      | Reached skill level 7 in Dodging
  5322 | D:6      | Reached XP level 9. HP: 81/81 MP: 8/8
  5478 | D:6      | Found a large runed translucent door.
  5501 | D:6      | Reached ***** piety under Trog
  5557 | D:6      | Found a large runed translucent door.
  5658 | D:6      | Found a glowing silver altar of Zin.
  5658 | D:6      | Found an opulent altar of Gozag.
  5905 | D:6      | Reached skill level 8 in Dodging
  5905 | D:6      | Found a shimmering altar of Xom.
  5911 | D:6      | Found a shimmering blue altar of Sif Muna.
  6075 | D:7      | Reached skill level 9 in Dodging
  6855 | D:8      | Identified the +2 falchion "Newt's Death Toll" {distort,
                  | Contam Int+5}
  6870 | D:8      | Received a gift from Trog
  7192 | D:8      | Found a sacrificial altar of Ru.
  7282 | D:8      | Found a burning altar of Makhleb.
  7401 | D:9      | Reached XP level 10. HP: 90/91 MP: 9/9
  7428 | D:9      | Reached skill level 10 in Dodging
  8145 | D:9      | Found Totog's Antique Armour Shoppe.
  8153 | D:9      | Bought a pearl-studded ring mail for 306 gold pieces
  8153 | D:9      | Identified the +2 ring mail of Leocic {Rampage rElec Will+
                  | rCorr Int-2} (You bought it in a shop on level 9 of the
                  | Dungeon)
  8575 | D:9      | Found a staircase to the Orcish Mines.
  8861 | D:10     | Entered Level 10 of the Dungeon
  8872 | D:10     | Reached skill level 10 in Fighting
  8872 | D:10     | Reached skill level 10 in Long Blades
  8888 | D:10     | Reached skill level 11 in Dodging
  9186 | D:10     | Found a transporter.
  9484 | D:10     | Found a transporter.
  9540 | D:10     | Noticed Erica
  9552 | D:10     | Killed Erica
  9553 | D:10     | Reached skill level 12 in Dodging
  9553 | D:10     | Reached XP level 11. HP: 77/101 MP: 10/10
  9717 | D:10     | a jumping spider changed into an entropy weaver
  9717 | D:10     | Noticed an entropy weaver (shapeshifter)
  9720 | D:10     | Noticed stickyfingers's ghost (journeyman MeMo)
  9779 | D:10     | Found a staircase to the Lair.
 10404 | D:11     | Noticed a two-headed ogre
 10411 | D:11     | Killed a two-headed ogre
 10412 | D:11     | Reached skill level 10 in Armour
 10709 | D:12     | Noticed Erolcha
 10744 | D:13     | Received a gift from Trog
 10858 | D:13     | Noticed a two-headed ogre
 10868 | D:13     | Killed a two-headed ogre
 10869 | D:13     | Reached skill level 13 in Dodging
 10990 | D:13     | Noticed a centaur warrior
 10992 | D:13     | Noticed a two-headed ogre
 10995 | D:13     | Killed a centaur warrior
 10999 | D:13     | Killed a two-headed ogre
 11115 | D:13     | Noticed an orb spider
 11121 | D:13     | Killed an orb spider
 11670 | D:14     | Noticed a deep elf pyromancer
 11818 | D:14     | Killed a deep elf pyromancer
 11842 | D:14     | Reached skill level 14 in Dodging
 12050 | D:14     | Noticed a deep elf pyromancer
 12202 | D:14     | Killed a deep elf pyromancer
 12203 | D:14     | Reached skill level 1 in Evocations
 12287 | D:14     | Noticed Louise
 12287 | D:14     | Noticed a seven-headed hydra
 12291 | D:14     | Noticed a vault guard
 12327 | D:12     | Killed Erolcha
 12328 | D:12     | Reached XP level 12. HP: 112/112 MP: 11/11
 12467 | D:12     | Noticed Lodul
 12486 | D:12     | Killed Lodul
 13000 | D:12     | Noticed Jorgrun
 13015 | D:12     | Killed Jorgrun
 13016 | D:12     | Reached skill level 15 in Dodging
 13383 | Lair:1   | Entered Level 1 of the Lair of Beasts
 14400 | Lair:1   | Identified the +4 shortbow of the Jocular God {freeze, rN+
                  | Str-3 Dex+2}
 14424 | Lair:1   | Reached skill level 16 in Dodging
 15012 | Lair:2   | Found a staircase to the Shoals.
 15032 | Lair:2   | Reached XP level 13. HP: 94/122 MP: 12/12
 15182 | Lair:2   | Identified the +6 short sword of Qocvoo {flame, rC- Str+3
                  | Dex+3} (Trog gifted it to you on level 2 of the Lair of
                  | Beasts)
 15182 | Lair:2   | Received a gift from Trog
 15769 | Lair:2   | Found a staircase to the Snake Pit.
 16521 | Lair:3   | Reached skill level 5 in Evocations
 16706 | Lair:3   | Reached ****** piety under Trog
 16839 | Lair:3   | Reached skill level 17 in Dodging
 17364 | Lair:4   | Received a gift from Trog
 17766 | Lair:4   | Reached XP level 14. HP: 87/132 MP: 13/13
 18115 | Lair:5   | Entered Level 5 of the Lair of Beasts
 18525 | Lair:5   | Found a staircase to the Slime Pits.
 19372 | Lair:5   | Identified the amulet of Dose {Faith Fly Slay+2}
 19423 | Lair:5   | Received a gift from Trog
 19633 | Lair:5   | Found a corrupted altar of Lugonu.
 19633 | Lair:5   | Found a one-way gate to the infinite horrors of the Abyss.
 19643 | Lair:5   | Reached skill level 18 in Dodging
 19925 | Orc:1    | Entered Level 1 of the Orcish Mines
 20139 | Orc:2    | Entered Level 2 of the Orcish Mines
 20151 | Orc:2    | Found Ichiy's Antique Armour Emporium.
 20265 | Orc:2    | Found a staircase to the Elven Halls.
 20407 | Orc:1    | Noticed Josephine
 20424 | Orc:2    | Killed Josephine
 20499 | Orc:1    | Received a gift from Trog
 21186 | Orc:2    | Found Ciklask's General Store.
 21279 | Orc:2    | Noticed an orc warlord
 21285 | Orc:2    | Killed an orc warlord
 21438 | Orc:2    | Found Benucecura's Antique Armour Emporium.
 21439 | Orc:2    | Found Riurio's Antique Weapon Shoppe.
 21533 | Orc:2    | Found Hiuts's Antique Weapon Boutique.
 22405 | D:5      | Bought 3 scrolls of enchant armour for 337 gold pieces
 22405 | D:5      | Bought a scroll of identify for 30 gold pieces
 22817 | D:13     | Reached skill level 15 in Fighting
 22817 | D:13     | Reached skill level 15 in Long Blades
 23131 | D:14     | Noticed a tengu reaver
 23554 | D:14     | Killed a tengu reaver
 23555 | D:14     | Reached XP level 15. HP: 132/134 MP: 14/14
 23616 | D:14     | Noticed a fire giant
 23622 | D:14     | Killed a fire giant
 23622 | D:14     | Received a gift from Trog
 23627 | D:14     | Identified the ring "Wel Koitz" {Int+8 SInv}
 23710 | D:14     | Killed Louise
 24012 | D:14     | Noticed Azrael
 24017 | D:14     | Noticed Frances
 24021 | D:14     | Killed Azrael
 24036 | D:14     | HP: 5/141 [ice devil[Frances] (17)]
 24037 | D:13     | Succumbed to an orange demon's poison

Illustrated notes

Levels and vault maps discovered:
D:1:      heliophobic_arrival_dark_side_of_the_moon, layout_loops_corners,
          chequers_ecumenical_altar_island
D:2:      layout_rooms, uniq_crazy_yiuf_cottage
D:3:      layout_loops_ring, trog_book, yredelemnul_altar_generic,
          portal_sewer_entry_b
D:4:      layout_loops_ring, grunt_qazlal_clouds, uniq_edmund, uniq_grinder
D:5:      layout_basic, lemuel_coloured_pillars_altar,
          minmay_temple_entry_statues_fountains, minmay_gold_behind_fungi,
          nicolae_nh_oracle_at_delphi
D:6:      layout_cave_pools, grunt_temple_overflow_gold_and_silver,
          jmf_multi_god_temple2, nicolae_uskayaw_murder_on_the_dancefloor,
          minmay_misc_feat_pillars
D:7:      layout_rooms, serial_aquarium, aquarium_bridge_island_small
          [aquarium_subvault_small_open, aquarium_subvault_window,
          aquarium_subvault_window, aquarium_subvault_balcony,
          aquarium_subvault_bridge], aquarium_bridge_square
          [aquarium_subvault_bridge, aquarium_subvault_bridge,
          aquarium_subvault_bridge, aquarium_subvault_window],
          aquarium_window_1, aquarium_window_1, aquarium_view_2f,
          aquarium_balcony_1a, aquarium_pool_double, minmay_holes
D:8:      layout_gridville, nicolae_ru_path_of_blood,
          mainiacjoe_overflow_cross_hatched
D:9:      layout_loops_ring, david_orc_5, serial_shops, shop,
          kennysheep_small_spiral
D:10:     layout_loops_ring, lair_entry_dummy, gammafunk_ghost_abyssal_escape,
          uniq_erica
D:11:     layout_small_grid, bh_circular_ruins
D:12:     layout_grid_maze, uniq_erolcha, uniq_lodul, uniq_jorgrun
D:13:     layout_rooms
D:14:     minmay_mutant_horseshoe, layout_cave_pools, erik_vaults_2,
          serial_bayou_shore_a, led_sif_pool, uniq_azrael, uniq_louise,
          uniq_frances, uniq_kirke
Lair:1:   layout_roguey, fungi_pond_lemuel, st_stairs_11, pond,
          infiniplex_staircase_pool
Lair:2:   layout_concentric_octagons, elwin_shoals_entry_rooms,
          minmay_snake_entry_six_corridors
Lair:3:   layout_loops_ring, grunt_megastairs_4
Lair:4:   layout_roguey, lemuel_fruit_fields, grunt_megastairs_2
Lair:5:   hellmonk_lair_end_abyssal_woods, layout_cave_pods, slime_entry_1
Orc:1:    layout_caves, uniq_josephine
Orc:2:    grunt_orc_community_town_hall, layout_caves,
          grunt_orc_community_big_house_2, grunt_orc_community_big_house_2,
          grunt_orc_community_house_1, grunt_orc_community_house_2,
          grunt_orc_community_house_1, grunt_orc_community_house_3,
          grunt_orc_community_house_2, grunt_orc_community_house_2,
          serial_shops, nicolae_shop_statue_plus

Skill      XL: |  1  2  3  4  5  6  7  8  9 10 11 12 13 14 |
---------------+-------------------------------------------+-----
Fighting       | 4 5 6 7 9 10 12 13 14 15 | 15.2
Long Blades    | 4 5 6 7 9 10 12 13 14 15 | 15.2
Stealth        | 2 |  2.6
Dodging        | 4 5 6 7 9 12 14 16 17 18 | 18.9
Armour         | 1 3 4 6 8 9 11 12 13 14 | 14.5
Evocations     | 1 4 5 7 |  7.3

Action                     |  1- 3 |  4- 6 |  7- 9 | 10-12 | 13-15 || total
---------------------------+-------+-------+-------+-------+-------++-------
  Melee: Falchion          |    48 |   108 |   241 |       |       ||   397
         Headbutt          |     4 |    20 |    96 |   138 |   197 ||   455
         Scimitar          |       |       |   113 |   457 |   764 ||  1334
 Invoke: Berserk           |     1 |     4 |     3 |     5 |     6 ||    19
         Trog's Hand       |       |     1 |       |       |     5 ||     6
  Evoke: Wand              |       |       |       |     5 |     7 ||    12
    Use: Scroll            |       |       |    10 |    11 |     9 ||    30
   Stab: Sleeping          |     1 |       |       |       |       ||     1
 Armour: Robe              |     4 |    10 |       |       |       ||    14
         Scale mail        |       |    52 |   144 |    25 |       ||   221
         Ring mail         |       |       |       |    82 |   172 ||   254
  Dodge: Dodged            |    28 |   111 |   246 |   311 |   586 ||  1282

Table legend: (Time is in decaauts)
 A = Elapsed time spent in this place.
 B = Non-inter-level travel time spent in this place.
 C = Inter-level travel time spent in this place.
 D = Time resting spent in this place.
 E = Time spent auto-exploring this place.
 F = Levels seen in this place.
 G = Mean time per level.
                   A        B        C        D        E       F      G
               +--------+--------+--------+--------+--------+-----+--------+
         Total |  23946 |  22747 |   1199 |   3689 |  15879 |  22 | 1088.5 |
       Dungeon |  14863 |  13963 |    900 |   3065 |   9006 |  14 | 1061.6 |
          Lair |   6144 |   5946 |    198 |    151 |   5001 |   5 | 1228.8 |
  Orcish Mines |   2329 |   2229 |    100 |    414 |   1438 |   2 | 1164.5 |
         Sewer |    609 |    609 |      0 |     59 |    433 |   1 |  609.0 |
               +--------+--------+--------+--------+--------+-----+--------+

Top non-repeatable levels by time:
    D:13: 2343 daAuts
     D:5: 1683 daAuts
  Lair:5: 1622 daAuts
  Lair:1: 1383 daAuts
     D:9: 1361 daAuts
   Orc:2: 1244 daAuts
  Lair:2: 1225 daAuts
     D:4: 1222 daAuts
    D:12: 1179 daAuts
    D:10: 1137 daAuts
     D:8: 1088 daAuts
   Orc:1: 1084 daAuts
  Lair:4: 998 daAuts
  Lair:3: 915 daAuts
     D:6: 883 daAuts
